 Dungeon Crawl Stone Soup version 0.17-a0-1667-g4ca74a1 (webtiles) character file.

125 MacG the Skirmisher (level 4, -5/41 HPs)
             Began as a Minotaur Fighter on Aug 17, 2015.
             Slain by Steppips's ghost (13 damage)
             ... on level 3 of the Dungeon.
             The game lasted 00:08:17 (1369 turns).

MacG the Skirmisher (Minotaur Fighter)              Turns: 1369, Time: 00:08:17

Health: -5/41      AC:  9    Str: 22    XL:     4   Next: 82%
Magic:  3/3        EV:  6    Int:  5    God:
Gold:   98         SH:  9    Dex:  9    Spells: 0 memorised, 3 levels left

rFire  . . .     SeeInvis .     l - +0 falchion (slice)
rCold  . . .     Clarity  .     m - +0 chain mail
rNeg   . . .     SustAt   .     c - +0 shield
rPois  .         Gourm    .     (helmet restricted)
rElec  .         Spirit   .     (no cloak)
rCorr  .         Warding  .     (no gloves)
rMut   .         Stasis   .     (no boots)
MR     .....                    (no amulet)
Stlth  ..........               (no ring)
                                (no ring)

@: about to teleport, not resistant to hostile enchantments, extremely
unstealthy
A: retaliatory headbutt, horns 2
a: no special abilities


You were on level 3 of the Dungeon.
You were not hungry.

You visited 1 branch of the dungeon, and saw 3 of its levels.

You collected 98 gold pieces.

Inventory:

Hand weapons
 a - a +0 war axe
 l - a +0 falchion of slicing (weapon)
Armour
 b - a +0 scale mail
 c - a +0 shield (worn)
 m - a +0 chain mail (worn)
Scrolls
 g - 2 scrolls of remove curse
 j - a scroll of fear {unknown}
 p - 2 scrolls of identify {unknown}
Potions
 d - 2 potions of might
 h - a potion of ambrosia {unknown}
 k - a potion of lignification {unknown}
 n - a potion of curing {unknown}
Comestibles
 e - a bread ration
 f - 14 chunks of flesh


   Skills:
 + Level 4.6 Fighting
 + Level 3.2 Axes
 + Level 4.4 Armour
 + Level 1.3 Dodging
 + Level 4.6 Shields


You had 3 spell levels left.
You didn't know any spells.

Dungeon Overview and Level Annotations

Branches:
Dungeon (3/15)

Altars:

Annotations:
D:3 Steppips's ghost, average FoFi


Innate Abilities, Weirdness & Mutations

You reflexively headbutt those who attack you in melee.
You have a pair of horns on your head.


Message History

You feel blessed for a moment.
It was a scroll of remove curse.
You block Steppips's ghost's attack.
Some of the chunks of flesh in your inventory have rotted away.
You block Steppips's ghost's attack.
As you read the scroll labeled LONID PEGE, it crumbles to dust.
You feel aware of your surroundings.
It was a scroll of magic mapping.
Steppips's ghost hits you.
* * * LOW HITPOINT WARNING * * *
As you read the scroll labeled TYECVO UTIC, it crumbles to dust.
The creatures around you are filled with an inner flame!
It was a scroll of immolation.
You block Steppips's ghost's attack.
As you read the scroll labeled LANIWO LYSUM YPS, it crumbles to dust.
You feel forgetful for a moment.
It was a scroll of amnesia.
You block Steppips's ghost's attack.
As you read the scroll labeled KEOF XUAXAZ, it crumbles to dust.
You feel strangely unstable.
It was a scroll of teleportation.
Steppips's ghost barely misses you. You furiously retaliate!
You headbutt Steppips's ghost. Steppips's ghost hits you!
You die...

#.....# #.##.##.#
#.....# #.......#
#.....# ####.####
#.....# #.......#
####### #.#...#.#
#,#.#.#.# *,#...#.#
#.##.##W#
**********#.....@.#
*,,,,,,,,*####.####
,,******,****#.*
*** *,,,,,,,*
*********


You could see Steppips's ghost (inner flame).

Vanquished Creatures
  Terence (D:2)
  Robin (D:2)
  4 gnolls (D:3)
  3 giant cockroaches
  14 goblins
  10 hobgoblins
  A quokka (D:2)
  5 bats
  2 giant newts (D:1)
  5 kobolds (D:1)
  6 rats (D:1)
52 creatures vanquished.

Notes
Turn   | Place    | Note
--------------------------------------------------------------
     0 | D:1      | MacG the Minotaur Fighter began the quest for the Orb.
     0 | D:1      | Reached XP level 1. HP: 19/19 MP: 0/0
    84 | D:1      | Reached XP level 2. HP: 24/27 MP: 1/1
   190 | D:1      | Reached skill level 4 in Shields
   495 | D:2      | Noticed Terence
   501 | D:2      | Killed Terence
   501 | D:2      | Reached XP level 3. HP: 33/33 MP: 2/2
   893 | D:2      | Noticed Robin
   897 | D:2      | Killed Robin
   897 | D:2      | Reached XP level 4. HP: 28/41 MP: 3/3
  1149 | D:3      | Reached skill level 1 in Dodging
  1348 | D:3      | Noticed Steppips's ghost (average FoFi)
  1369 | D:3      | Slain by Steppips's ghost

Vault maps used:
D:1:      minmay_arrival_stair_chambers
D:2:      hex_tiny, minivault_25, uniq_robin, uniq_terence

Action                   |  1- 3 |  4- 6 || total
-------------------------+-------+-------++-------
Melee: War axe           |    44 |       ||    44
       Falchion          |    25 |    42 ||    67
  Use: Scroll            |       |     5 ||     5
  Eat: Chunk             |       |     2 ||     2
